 Dungeon Crawl Stone Soup version 0.26-a0-652-gafc20e3620 (webtiles) character file.

Game seed: 4420459349307440831

293 smeego the Ducker (level 6, -4/42 HPs)
             Began as an Octopode Fighter on Oct 3, 2020.
             Slain by a centaur (9 damage)
             ... on level 5 of the Dungeon.
             The game lasted 00:02:35 (2802 turns).

smeego the Ducker (Octopode Fighter)                Turns: 2802, Time: 00:02:36

Health: -4/42      AC:  1    Str: 21    XL:     6   Next: 33%
Magic:  6/6        EV: 13    Int: 13    God:
Gold:   261        SH: 11    Dex: 17    Spells: 5/5 levels left

rFire    . . .     SeeInvis +   a - +0 long sword
rCold    . . .     Faith    .   b - +1 kite shield
rNeg     . . .     Spirit   .   (helmet restricted)
rPois    .         Reflect  .   (no amulet)
rElec    .         Harm     .   h - +6 ring of strength
rCorr    .         Rampage  .   f - +6 ring of dexterity
MR       .....                  m - ring of see invisible
Stlth    +++.......             (no ring)
HPRegen  0.14/turn              (no ring)
MPRegen  0.10/turn              (no ring)
                                (no ring)
                                (no ring)

@: no status effects
A: almost no armour, stealthy swim, amphibious, 8 rings, constrict 8, camouflage
1, gelatinous body 1
a: no special abilities


You were on level 5 of the Dungeon.
You visited 1 branch of the dungeon, and saw 5 of its levels.

You collected 261 gold pieces.

Inventory:

Hand Weapons
 a - a +0 long sword (weapon)
 p - a +2 dagger of protection
Missiles
 l - 7 atropa-tipped darts (quivered)
Armour
 b - a +1 kite shield (worn)
Jewellery
 f - a +6 ring of dexterity (right tentacle)
 h - a +6 ring of strength (left tentacle)
 j - a cursed amulet of inaccuracy
 m - a ring of see invisible (on tentacle)
Wands
 r - a wand of polymorph (6)
Scrolls
 d - a scroll of identify
 e - 5 scrolls of teleportation
 g - a scroll of enchant armour
Potions
 c - 2 potions of might
 i - a potion of stabbing {unknown}
 n - a potion of heal wounds {unknown}
 o - 2 potions of brilliance
 q - a potion of flight {unknown}
 s - a potion of berserk rage {unknown}


   Skills:
 + Level 3.6 Fighting
 * Level 3.6 Long Blades
 + Level 2.1 Throwing
 + Level 3.7 Dodging
 + Level 2.5 Stealth
 + Level 3.6 Shields
 + Level 1.7 Unarmed Combat


You had 5 spell levels left.
You didn't know any spells.
Your spell library was empty.

Dungeon Overview and Level Annotations

Branches:
Dungeon (5/15)
 Temple: D:4-7

Altars:
Qazlal
Ru
Zin

Annotations:
D:2 Robin, Sigmund


Innate Abilities, Weirdness & Mutations

You cannot wear most types of armour.
You are very stealthy in the water. (Stealth+)
You are amphibious.
You can wear up to eight rings at the same time.
You can use your tentacles to constrict eight enemies at once.
Your skin changes colour to match your surroundings (Stealth+).
Your rubbery body absorbs attacks. (AC +1, EV +1)


Message History

You hit the centaur. You squeeze the centaur.
The centaur is lightly wounded.
The centaur hits you. The centaur closely misses you.
You riposte.
You hit the centaur. You squeeze the centaur.
The centaur is moderately wounded.
You hit the centaur but do no damage.
The centaur is moderately wounded.
The centaur hits you! The centaur closely misses you.
You barely miss the centaur.
The centaur is moderately wounded.
The centaur barely misses you. The centaur hits you!
You hit the centaur.
The centaur is moderately wounded.
The centaur hits you!
* * * LOW HITPOINT WARNING * * *
The centaur completely misses you.
You hit the centaur but do no damage.
The centaur is moderately wounded.
The centaur hits you!
You die...

#### #..#
#####..#
##..(...#
#.......#
#.#.....(.#
#.........#
##.#......#
#.......@#
##.######c#
#. .# # .#
.. .. .[.
...


You could see a centaur.

Vanquished Creatures
  A scorpion (D:4)
  An orc priest (D:4)
  Jessica (D:2)
  Ijyb (D:4)
  An iguana (D:4)
  A worker ant (D:4)
  A hound skeleton (D:4)
  3 adders
  An adder skeleton (D:4)
  A worm (D:2)
  3 leopard geckos
  4 orcs
  A ball python (D:2)
  7 bats
  2 giant cockroaches
  13 goblins
  8 hobgoblins
  5 frilled lizards
  9 kobolds
  2 rats
66 creatures vanquished.

Notes
Turn   | Place    | Note
-------+----------+-------------------------------------------
     0 | D:1      | smeego the Octopode Fighter began the quest for the Orb.
     0 | D:1      | Reached XP level 1. HP: 16/16 MP: 1/1
   128 | D:1      | Reached XP level 2. HP: 19/21 MP: 2/2
   818 | D:2      | Noticed Jessica
   827 | D:2      | Killed Jessica
   827 | D:2      | Reached skill level 1 in Stealth
   827 | D:2      | Reached XP level 3. HP: 26/26 MP: 3/3
   845 | D:2      | Found a sacrificial altar of Ru.
   847 | D:2      | Reached skill level 1 in Throwing
   847 | D:2      | Reached XP level 4. HP: 31/31 MP: 4/4
  1138 | D:2      | Reached skill level 1 in Unarmed Combat
  1222 | D:2      | Noticed Sigmund
  1222 | D:2      | Noticed Robin
  1684 | D:3      | Reached XP level 5. HP: 29/36 MP: 5/5
  2081 | D:4      | Reached XP level 6. HP: 22/42 MP: 6/6
  2381 | D:4      | Found a glowing silver altar of Zin.
  2402 | D:4      | Noticed Ijyb
  2418 | D:4      | Killed Ijyb
  2541 | D:4      | Found a stormy altar of Qazlal.
  2782 | D:5      | Entered Level 5 of the Dungeon
  2802 | D:5      | Slain by a centaur

Illustrated notes

Levels and vault maps discovered:
D:1:      lemuel_arrival_hallway, layout_loops_ring
D:2:      layout_basic, hangedman_ru_absence, uniq_sigmund, uniq_robin,
          uniq_jessica
D:3:      layout_rooms
D:4:      layout_gridville, kennysheep_little_box, zin_scriptorium,
          grunt_ministairs_13, kennysheep_decorative_pillar, uniq_ijyb
D:5:      layout_basic, elyvilon_altar_5, overflow_temple_1_default,
          portal_sewer_entry_d, minivault_23, minmay_checkerbox

Skill      XL: |  1  2  3  4  5 |
---------------+----------------+-----
Stealth        | 1 2 |  2.5
Throwing       | 1 2 |  2.1
Unarmed Combat | 1 |  1.7
Long Blades    | 3 |  3.6
Fighting       | |  3.6
Dodging        | |  3.7
Shields        | |  3.6

Action                   |  1- 3 |  4- 6 || total
-------------------------+-------+-------++-------
Melee: Long sword        |    32 |    80 ||   112
       Constrict         |    10 |    31 ||    41
       Tentacles         |     6 |    30 ||    36
       Punch             |       |     1 ||     1
  Use: Scroll            |       |     6 ||     6
 Stab: Sleeping          |     6 |     6 ||    12
Armor: Skin              |     4 |     4 ||     8
Dodge: Dodged            |    17 |    36 ||    53
Block: Kite shield       |    12 |    45 ||    57
       Rpst.: Long sword |     8 |     6 ||    14

Table legend: (Time is in decaauts)
 A = Elapsed time spent in this place.
 B = Non-inter-level travel time spent in this place.
 C = Inter-level travel time spent in this place.
 D = Time resting spent in this place.
 E = Time spent auto-exploring this place.
 F = Levels seen in this place.
 G = Mean time per level.
                   A        B        C        D        E       F      G
               +--------+--------+--------+--------+--------+-----+--------+
         Total |   2837 |   2759 |     78 |    389 |   1950 |   5 |  567.4 |
       Dungeon |   2837 |   2759 |     78 |    389 |   1950 |   5 |  567.4 |
               +--------+--------+--------+--------+--------+-----+--------+

Top non-repeatable levels by time:
     D:4: 1076 daAuts
     D:1: 749 daAuts
     D:2: 507 daAuts
     D:3: 482 daAuts
     D:5: 20 daAuts
